Bruins vs Ice Hogs

Created - Saturday, December 06, 2014 at 00:32

Goals
1 2 3 OT1 SO T
Bruins 1 0 0 0 1 1
Ice Hogs 1 0 0 0 2 2
Shots
1 2 3 OT1 SO T
Bruins 13 14 5 0 3 32
Ice Hogs 15 6 6 10 3 37

1st period

1. Bruins , Derek Dorsett 8 (Jim Slater) at 13:14
2. Ice Hogs , Tanner Pearson 5 (J.T. Miller, Ryan Murphy) at 14:59

Penalties :
Jean-Philippe Cote (RIH) for Hooking (Minor) at 1:07, Patrick Cehlin (Pro) for Boarding (Minor) at 3:28, Brandon Gormley (RIH) for Hooking (Minor) at 9:48

2nd period

No Goal

Penalties :
Travis Morin (RIH) for Tripping (Minor) at 4:54, Travis Morin (RIH) for Tripping (Minor) at 10:03, Zach Redmond (RIH) for Fighting (Major) at 12:53, Brandon Alderson (Pro) for Fighting (Major) at 12:53, Brandon Manning (Pro) for Hooking (Minor) at 15:15

3rd period

No Goal

Penalties :
Johan Larsson (RIH) for Hooking (Minor) at 3:04, Patrick Bordeleau (Pro) for Tripping (Minor) at 10:40

Overtime #1

No Goal

Penalties :
No Penalty

Shootout

Penalty Shot by Jim Slater for Bruins - Stopped by Scott Darling
Penalty Shot by Casey Wellman for Ice Hogs - Stopped by Philipp Grubauer
Penalty Shot by Anton Lander for Bruins - Stopped by Scott Darling
Penalty Shot by Derek Roy for Ice Hogs - Goal!
Penalty Shot by Derek Dorsett for Bruins - Goal!
Penalty Shot by Seth Griffith for Ice Hogs - Goal!

Penalties :
No Penalty

Goalie Stats

Philipp Grubauer (Pro), 36 saves from 37 shots - (0.973), OTL, 13-1-4, 65:00 minutes
Scott Darling (RIH), 31 saves from 32 shots - (0.969), W, 26-0-3, 65:00 minutes

Players Stats for Bruins

Player Name              G  A  P  +/- PIM S  H  SB GA TA FO     MP     PP MP  PK MP  
------------------------------------------------------------------------------------
Anton Lander             0  0  0   1  0   1  0  2  0  0  1/3    23:23   5:05   4:39 
Brandon Alderson         0  0  0   0  5   0  0  0  1  0  0/0     7:46   0:00   0:00 
Brandon Manning          0  0  0   0  2   2  0  0  1  2  0/0    23:20   3:37   2:02 
Buddy Robinson           0  0  0  -1  0   1  0  0  0  1  0/0    13:49   0:00   0:00 
Conor Allen              0  0  0   0  0   0  0  1  0  0  0/0    27:39   6:18   2:55 
Derek Dorsett            1  0  1   1  0   4  7  0  6  1  1/1    17:31   5:05   0:54 
Dmitry Korobov           0  0  0   0  0   3  2  3  0  3  0/0    27:39   6:18   2:55 
Jake Newton              0  0  0   0  0   0  1  0  0  1  0/0    14:11   0:00   1:00 
Jim Slater               0  1  1   1  0   0  0  1  5  0  17/28  23:23   5:05   4:39 
Kael Mouillierat         0  0  0   0  0   7  2  0  1  2  9/16   17:06   4:50   0:00 
Magnus Nygren            0  0  0   0  0   1  0  1  0  1  0/0    12:58   0:00   0:00 
Marc Hagel               0  0  0   0  0   0  0  0  0  0  0/0     7:47   0:00   0:00 
Patrick Bordeleau        0  0  0   0  2   4  3  1  1  1  0/0    18:15   4:50   0:26 
Patrick Cehlin           0  0  0  -1  2   1  0  0  0  0  0/0    12:17   0:00   0:00 
Raman Hrabarenka         0  0  0   0  0   2  1  1  1  1  0/0    24:21   3:37   3:02 
Scott Timmins            0  0  0   0  0   0  0  1  2  0  3/5    10:14   0:00   0:52 
Simon Moser              0  0  0   0  0   2  1  1  1  1  1/1    18:21   4:50   0:24 
Tim Sestito              0  0  0  -1  0   4  2  0  0  0  1/5    13:49   0:00   0:00 

Players Stats for Ice Hogs

Player Name              G  A  P  +/- PIM S  H  SB GA TA FO     MP     PP MP  PK MP  
------------------------------------------------------------------------------------
Brandon Gormley          0  0  0   0  2   2  4  3  0  3  0/0    28:40   3:03   0:00 
Brandon Pirri            0  0  0   0  0   0  0  0  0  0  0/0     1:25   0:00   0:00 
Casey Wellman            0  0  0   0  0   1  2  0  1  0  1/1    21:27   2:34   1:04 
Derek Roy                0  0  0   0  0   3  2  0  3  2  14/24  25:44   3:09   5:07 
Dustin Jeffrey           0  0  0   0  0   0  0  0  1  0  1/2    11:35   1:14   0:33 
Dylan Olsen              0  0  0  -1  0   6  3  2  3  3  0/0    25:42   3:03   4:58 
J.T. Miller              0  1  1   1  0   3  2  0  4  0  0/2    20:15   3:23   0:00 
Jason Garrison           0  0  0   1  0   10 1  3  0  0  0/0    27:40   2:54   5:09 
Jean-Philippe Cote       0  0  0  -1  2   1  0  1  0  0  0/0     2:58   0:00   0:57 
Johan Larsson            0  0  0  -1  2   0  2  0  2  1  3/9    17:03   0:09   4:09 
Mathieu Brodeur          0  0  0   0  0   0  1  0  0  0  0/0     2:06   0:00   0:00 
Oscar Lindberg           0  0  0   0  0   0  0  0  0  0  0/0     1:42   0:00   0:00 
Roman Horak              0  0  0  -1  0   2  1  0  1  2  2/4    27:10   2:58   4:48 
Ryan Murphy              0  1  1   1  0   2  1  1  1  2  0/0    26:48   2:54   8:46 
Seth Griffith            0  0  0  -1  0   1  1  1  1  0  0/4    23:26   3:23   4:09 
Tanner Pearson           1  0  1   1  0   4  0  0  1  0  0/1     9:13   1:01   0:00 
Travis Morin             0  0  0   1  4   2  1  0  0  0  5/12   19:15   0:00   0:00 
Zach Redmond             0  0  0   0  5   0  2  1  1  1  0/0    17:40   0:00   0:00 

3 Stars

1 - Philipp Grubauer (Pro)
2 - Derek Dorsett (Pro)
3 - Scott Darling (RIH)

Power Play

Bruins - 0 on 5 Attempt(s) - 0.00%
Ice Hogs - 0 on 3 Attempt(s) - 0.00%

Penalty Kill

Bruins - 3 on 3 Attempt(s) - 100.00% - Score 0 goal in Penalty Kill
Ice Hogs - 5 on 5 Attempt(s) - 100.00% - Score 0 goal in Penalty Kill

Official

Referees : Unknown
Linesman : Unknown

Game Notes

Jean-Philippe Cote is injured at 13:21 of 1st period (Left Hip)
Tanner Pearson is injured at 8:48 of 2nd period (Left Hand)
Zach Redmond and Brandon Alderson fight to a draw at 12:53 of 2nd period

Finance

Level 1 -- Attendance: 1375 (68.75%) -- Ticket Income $48,125
Level 2 -- Attendance: 763 (76.30%) -- Ticket Income $11,445
Total Attendance: 2138 (71.27%)
Total Ticket Income: $59,570
Other Income: $29,189
Total Income: $88,759

Bruins

5 vs 5 Forward 
   Center                   Left Wing                Right Wing               Time % Phy DF OF 
 1 Jim Slater               Anton Lander             Derek Dorsett            35     1   2  2  
 2 Kael Mouillierat         Patrick Bordeleau        Simon Moser              30     1   2  2  
 3 Tim Sestito              Patrick Cehlin           Buddy Robinson           22     1   2  2  
 4 Scott Timmins            Marc Hagel               Brandon Alderson         13     1   2  2  

5 vs 5 Defense 
   Defense                  Defense                                           Time % Phy DF OF 
 1 Dmitry Korobov           Conor Allen                                       35     1   2  2  
 2 Raman Hrabarenka         Brandon Manning                                   30     1   2  2  
 3 Magnus Nygren            Jake Newton                                       22     1   2  2  
 4 Dmitry Korobov           Conor Allen                                       13     1   2  2  

PowerPlay Forward 
   Center                   Left Wing                Right Wing               Time % Phy DF OF 
 1 Jim Slater               Anton Lander             Derek Dorsett            60     1   2  2  
 2 Kael Mouillierat         Patrick Bordeleau        Simon Moser              40     1   2  2  

PowerPlay Defense
   Defense                  Defense                                           Time % Phy DF OF 
 1 Dmitry Korobov           Conor Allen                                       60     1   2  2  
 2 Raman Hrabarenka         Brandon Manning                                   40     1   2  2  

Penalty Kill 4 Players Forward 
   Center                   Wing                     Time % Phy DF OF 
 1 Jim Slater               Anton Lander             60     1   2  2  
 2 Derek Dorsett            Patrick Bordeleau        40     1   2  2  

Penalty Kill 4 Players Defense
   Defense                  Defense                  Time % Phy DF OF 
 1 Dmitry Korobov           Conor Allen              60     1   2  2  
 2 Raman Hrabarenka         Brandon Manning          40     1   2  2  

Penalty Kill - 3 Players Forward 
   Forward                                           Time % Phy DF OF 
 1 Jim Slater                                        60     1   2  2  
 2 Anton Lander                                      40     1   2  2  

Penalty Kill - 3 Players Defense
   Defense                  Defense                  Time % Phy DF OF 
 1 Dmitry Korobov           Conor Allen              60     1   2  2  
 2 Raman Hrabarenka         Brandon Manning          40     1   2  2  

4 vs 4 Forward 
   Center                   Wing                     Time % Phy DF OF 
 1 Jim Slater               Anton Lander             60     1   2  2  
 2 Derek Dorsett            Patrick Bordeleau        40     1   2  2  

4 vs 4 Defense
   Defense                  Defense                  Time % Phy DF OF 
 1 Dmitry Korobov           Conor Allen              60     1   2  2  
 2 Raman Hrabarenka         Brandon Manning          40     1   2  2  

Last Minutes Offensive
   Center                   Left Wing                Right Wing               Defense                  Defense                  
   Jim Slater               Anton Lander             Derek Dorsett            Dmitry Korobov           Conor Allen              

Last Minutes Defensive
   Center                   Left Wing                Right Wing               Defense                  Defense                  
   Jim Slater               Anton Lander             Derek Dorsett            Dmitry Korobov           Conor Allen              

Goaltenders
Starting : Philipp Grubauer         
Backup : Carsen Chubak            

Extra Forwards
Normal : Tim Sestito, Buddy Robinson, Scott Timmins - PP : Tim Sestito, Buddy Robinson - PK : Scott Timmins
Extra Defensemen
Normal : Magnus Nygren, Jake Newton, Raman Hrabarenka - PP : Magnus Nygren - PK : Jake Newton, Raman Hrabarenka
Penalty Shots
Jim Slater, Anton Lander, Derek Dorsett, Patrick Bordeleau, Kael Mouillierat

Ice Hogs

5 vs 5 Forward 
   Center                   Left Wing                Right Wing               Time % Phy DF OF 
 1 Travis Morin             Tanner Pearson           J.T. Miller              30     0   2  3  
 2 Derek Roy                Dustin Jeffrey           Casey Wellman            25     0   2  3  
 3 Johan Larsson            Roman Horak              Seth Griffith            25     1   2  2  
 4 Derek Roy                Roman Horak              Casey Wellman            20     1   2  2  

5 vs 5 Defense 
   Defense                  Defense                                           Time % Phy DF OF 
 1 Jason Garrison           Ryan Murphy                                       30     1   2  2  
 2 Dylan Olsen              Jean-Philippe Cote                                30     1   2  2  
 3 Zach Redmond             Brandon Gormley                                   30     1   2  2  
 4 Jason Garrison           Ryan Murphy                                       10     1   2  2  

PowerPlay Forward 
   Center                   Left Wing                Right Wing               Time % Phy DF OF 
 1 Seth Griffith            Tanner Pearson           J.T. Miller              50     0   1  4  
 2 Roman Horak              Derek Roy                Casey Wellman            50     0   1  4  

PowerPlay Defense
   Defense                  Defense                                           Time % Phy DF OF 
 1 Jason Garrison           Ryan Murphy                                       50     0   1  4  
 2 Dylan Olsen              Brandon Gormley                                   50     0   1  4  

Penalty Kill 4 Players Forward 
   Center                   Wing                     Time % Phy DF OF 
 1 Johan Larsson            Roman Horak              50     1   3  1  
 2 Derek Roy                Seth Griffith            50     1   3  1  

Penalty Kill 4 Players Defense
   Defense                  Defense                  Time % Phy DF OF 
 1 Jason Garrison           Ryan Murphy              50     1   4  0  
 2 Dylan Olsen              Jean-Philippe Cote       50     1   4  0  

Penalty Kill - 3 Players Forward 
   Forward                                           Time % Phy DF OF 
 1 Johan Larsson                                     50     1   4  0  
 2 Casey Wellman                                     50     1   4  0  

Penalty Kill - 3 Players Defense
   Defense                  Defense                  Time % Phy DF OF 
 1 Jason Garrison           Ryan Murphy              50     1   4  0  
 2 Dylan Olsen              Jean-Philippe Cote       50     1   4  0  

4 vs 4 Forward 
   Center                   Wing                     Time % Phy DF OF 
 1 Roman Horak              Seth Griffith            50     1   2  2  
 2 Derek Roy                Casey Wellman            50     1   2  2  

4 vs 4 Defense
   Defense                  Defense                  Time % Phy DF OF 
 1 Dylan Olsen              Jean-Philippe Cote       50     1   2  2  
 2 Zach Redmond             Brandon Gormley          50     1   2  2  

Last Minutes Offensive
   Center                   Left Wing                Right Wing               Defense                  Defense                  
   Travis Morin             Derek Roy                J.T. Miller              Jason Garrison           Ryan Murphy              

Last Minutes Defensive
   Center                   Left Wing                Right Wing               Defense                  Defense                  
   Johan Larsson            Roman Horak              Seth Griffith            Jason Garrison           Dylan Olsen              

Goaltenders
Starting : Scott Darling            
Backup : Rob Madore               

Extra Forwards
Normal : Derek Roy, Casey Wellman, Seth Griffith - PP : Derek Roy, Seth Griffith - PK : Casey Wellman
Extra Defensemen
Normal : Dylan Olsen, Brandon Gormley, Jason Garrison - PP : Jean-Philippe Cote - PK : Dylan Olsen, Ryan Murphy
Penalty Shots
Casey Wellman, Derek Roy, Seth Griffith, Roman Horak, Johan Larsson

% Time on Ice - Bruins

Lines # - Real PCT - Wanted PCT - Time Play
Normal Forward
1 - 25% - 35% - 11:10
2 - 29% - 30% - 13:00
3 - 28% - 22% - 12:11
4 - 18% - 13% - 7:47
Normal Defense
1 - 32% - 35% - 13:59
2 - 35% - 30% - 15:30
3 - 29% - 22% - 12:58
4 - 4% - 13% - 1:41
PP Forward
1 - 51% - 60% - 5:05
2 - 49% - 40% - 4:50
PP Defense
1 - 64% - 60% - 6:18
2 - 36% - 40% - 3:37
PK Forward
1 - 85% - 60% - 5:03
2 - 15% - 40% - 0:54
PK Defense
1 - 49% - 60% - 2:55
2 - 51% - 40% - 3:02
PK3 Forward
1 - 0% - 60%
2 - 0% - 40%
PK3 Defense
1 - 0% - 60%
2 - 0% - 40%
44 Forward
1 - 100% - 60% - 5:00
2 - 0% - 40% - 0:00
44 Defense
1 - 56% - 60% - 2:47
2 - 44% - 40% - 2:13
Last Minute Offensive  - 0:00
Last Minute Defensive  - 0:00
Total
Forward - 65:00
Defense - 65:00

% Time on Ice - Ice Hogs

Lines # - Real PCT - Wanted PCT - Time Play
Normal Forward
1 - 54% - 30% - 23:55
2 - 17% - 25% - 7:33
3 - 21% - 25% - 9:09
4 - 8% - 20% - 3:31
Normal Defense
1 - 24% - 30% - 10:48
2 - 40% - 30% - 17:39
3 - 32% - 30% - 14:10
4 - 3% - 10% - 1:31
PP Forward
1 - 66% - 50% - 3:55
2 - 34% - 50% - 2:02
PP Defense
1 - 49% - 50% - 2:54
2 - 51% - 50% - 3:03
PK Forward
1 - 54% - 50% - 5:21
2 - 46% - 50% - 4:34
PK Defense
1 - 50% - 50% - 4:57
2 - 50% - 50% - 4:58
PK3 Forward
1 - 0% - 50%
2 - 0% - 50%
PK3 Defense
1 - 0% - 50%
2 - 0% - 50%
44 Forward
1 - 49% - 50% - 2:28
2 - 51% - 50% - 2:32
44 Defense
1 - 55% - 50% - 2:44
2 - 45% - 50% - 2:16
Last Minute Offensive  - 0:00
Last Minute Defensive  - 0:00
Total
Forward - 65:00
Defense - 65:00

Play by Play

1st period


0:01 of 1st period - Jim Slater wins face-off versus Travis Morin in neutral zone.
0:06 of 1st period - Snap shot by Derek Dorsett.
0:06 of 1st period - Shot Misses the Net.
0:54 of 1st period - Snap shot by Patrick Bordeleau.
0:54 of 1st period - Stopped by Scott Darling with a rebound.
0:56 of 1st period - Slapshot by Simon Moser.
0:56 of 1st period - Deflect By Patrick Bordeleau.
0:56 of 1st period - Shot Misses the Net.
0:56 of 1st period - Puck is out of play.
0:57 of 1st period - Kael Mouillierat wins face-off versus Derek Roy in Ice Hogs zone.
1:07 of 1st period - Minor Penalty to Jean-Philippe Cote for Hooking.
1:08 of 1st period - Jim Slater wins face-off versus Johan Larsson in Ice Hogs zone.
1:26 of 1st period - Snap shot by Derek Dorsett.
1:26 of 1st period - Shot Blocked by Ryan Murphy.
1:28 of 1st period - Wrist shot by Anton Lander.
1:28 of 1st period - Deflect By Jim Slater.
1:28 of 1st period - Shot Misses the Net.
1:28 of 1st period - Puck is out of play.
1:29 of 1st period - Derek Roy wins face-off versus Kael Mouillierat in Ice Hogs zone.
1:38 of 1st period - Slapshot by Patrick Bordeleau.
1:38 of 1st period - Shot Misses the Net.
1:40 of 1st period - Slapshot by Raman Hrabarenka.
1:40 of 1st period - Shot Blocked by Jason Garrison.
1:42 of 1st period - Slapshot by Raman Hrabarenka.
1:42 of 1st period - Stopped by Scott Darling with a rebound.
1:44 of 1st period - Snap shot by Kael Mouillierat.
1:44 of 1st period - Stopped by Scott Darling with a rebound.
1:46 of 1st period - Slapshot by Raman Hrabarenka.
1:46 of 1st period - Shot Misses the Net.
1:48 of 1st period - Snap shot by Kael Mouillierat.
1:48 of 1st period - Shot Misses the Net.
1:50 of 1st period - Slapshot by Brandon Manning.
1:50 of 1st period - Stopped by Scott Darling with a rebound.
1:52 of 1st period - Slapshot by Brandon Manning.
1:52 of 1st period - Shot Misses the Net.
1:54 of 1st period - Wrist shot by Kael Mouillierat.
1:54 of 1st period - Shot Misses the Net.
1:56 of 1st period - Slapshot by Simon Moser.
1:56 of 1st period - Stopped by Scott Darling with a rebound.
2:55 of 1st period - Backhand shot by Dylan Olsen.
2:55 of 1st period - Deflect By Roman Horak.
2:55 of 1st period - Shot Misses the Net.
2:55 of 1st period - Puck is out of play.
2:56 of 1st period - Kael Mouillierat wins face-off versus Johan Larsson in Bruins zone.
3:07 of 1st period - Penalty to Jean-Philippe Cote is over, Jean-Philippe Cote is back on ice.
3:28 of 1st period - Minor Penalty to Patrick Cehlin for Boarding.
3:29 of 1st period - Jim Slater wins face-off versus Seth Griffith in Bruins zone.
4:05 of 1st period - Wrist shot by Tanner Pearson.
4:05 of 1st period - Stopped by Philipp Grubauer without a rebound.
4:06 of 1st period - Jim Slater wins face-off versus Roman Horak in Bruins zone.
5:01 of 1st period - Wrist shot by Tanner Pearson.
5:01 of 1st period - Stopped by Philipp Grubauer with a rebound.
5:03 of 1st period - Snap shot by Seth Griffith.
5:03 of 1st period - Stopped by Philipp Grubauer with a rebound.
5:13 of 1st period - Jim Slater is hit by Dylan Olsen and loses puck.
5:22 of 1st period - Backhand shot by Derek Roy.
5:22 of 1st period - Shot Misses the Net.
5:28 of 1st period - Penalty to Patrick Cehlin is over, Patrick Cehlin is back on ice.
5:47 of 1st period - Brandon Alderson is hit by J.T. Miller and loses puck.
6:02 of 1st period - Scott Timmins is hit by Johan Larsson and loses puck.
6:51 of 1st period - Backhand shot by J.T. Miller.
6:51 of 1st period - Stopped by Philipp Grubauer with a rebound.
6:53 of 1st period - Wrist shot by Tanner Pearson.
6:53 of 1st period - Shot Misses the Net.
6:55 of 1st period - Slapshot by Jean-Philippe Cote.
6:55 of 1st period - Stopped by Philipp Grubauer with a rebound.
7:13 of 1st period - Wrist shot by Patrick Cehlin.
7:13 of 1st period - Shot Misses the Net.
8:12 of 1st period - Snap shot by Derek Roy.
8:12 of 1st period - Stopped by Philipp Grubauer with a rebound.
8:14 of 1st period - Wrist shot by Casey Wellman.
8:14 of 1st period - Shot Blocked by Scott Timmins.
9:26 of 1st period - Snap shot by J.T. Miller.
9:26 of 1st period - Deflect By Tanner Pearson.
9:26 of 1st period - Stopped by Philipp Grubauer without a rebound.
9:27 of 1st period - Tim Sestito wins face-off versus Tanner Pearson in Bruins zone.
9:31 of 1st period - Off-side.
9:32 of 1st period - Dustin Jeffrey wins face-off versus Scott Timmins in neutral zone.
9:37 of 1st period - Snap shot by Derek Roy.
9:37 of 1st period - Deflect By Dustin Jeffrey.
9:37 of 1st period - Shot Misses the Net.
9:37 of 1st period - Puck is out of play.
9:38 of 1st period - Scott Timmins wins face-off versus Derek Roy in Bruins zone.
9:48 of 1st period - Minor Penalty to Brandon Gormley for Hooking.
9:49 of 1st period - Jim Slater wins face-off versus Seth Griffith in Ice Hogs zone.
10:03 of 1st period - Slapshot by Jim Slater.
10:03 of 1st period - Deflect By Jason Garrison.
10:03 of 1st period - Shot Misses the Net.
10:03 of 1st period - Puck is out of play.
10:04 of 1st period - Derek Roy wins face-off versus Jim Slater in Ice Hogs zone.
10:13 of 1st period - Wrist shot by Derek Dorsett.
10:13 of 1st period - Shot Misses the Net.
11:16 of 1st period - Icing by Simon Moser.
11:17 of 1st period - Derek Roy wins face-off versus Kael Mouillierat in Bruins zone.
11:20 of 1st period - Snap shot by Seth Griffith.
11:20 of 1st period - Shot Blocked by Dmitry Korobov.
11:22 of 1st period - Snap shot by Seth Griffith.
11:22 of 1st period - Shot Misses the Net.
11:48 of 1st period - Penalty to Brandon Gormley is over, Brandon Gormley is back on ice.
11:55 of 1st period - Snap shot by Johan Larsson.
11:55 of 1st period - Shot Misses the Net.
12:38 of 1st period - Icing by Brandon Manning.
12:39 of 1st period - Derek Roy wins face-off versus Tim Sestito in Bruins zone.
12:40 of 1st period - Slapshot by Jason Garrison.
12:40 of 1st period - Shot Misses the Net.
12:42 of 1st period - Slapshot by Ryan Murphy.
12:42 of 1st period - Stopped by Philipp Grubauer without a rebound.
12:43 of 1st period - Derek Roy wins face-off versus Jim Slater in Bruins zone.
12:54 of 1st period - Backhand shot by Jason Garrison.
12:54 of 1st period - Stopped by Philipp Grubauer with a rebound.
12:56 of 1st period - Slapshot by Jason Garrison.
12:56 of 1st period - Stopped by Philipp Grubauer without a rebound.
12:57 of 1st period - Derek Roy wins face-off versus Anton Lander in Bruins zone.
13:02 of 1st period - Snap shot by Derek Roy.
13:02 of 1st period - Shot Hit the Post.
13:04 of 1st period - Slapshot by Jason Garrison.
13:04 of 1st period - Stopped by Philipp Grubauer without a rebound.
13:05 of 1st period - Jim Slater wins face-off versus Johan Larsson in Bruins zone.
13:12 of 1st period - Slapshot by Derek Dorsett.
13:12 of 1st period - Shot Blocked by Seth Griffith.
13:14 of 1st period - Wrist shot by Derek Dorsett.
13:14 of 1st period - Goal by Derek Dorsett - Bruins : 1 - Ice Hogs : 0.
13:15 of 1st period - Derek Dorsett wins face-off versus Johan Larsson in neutral zone.
13:21 of 1st period - Wrist shot by Anton Lander.
13:21 of 1st period - Shot Blocked by Jean-Philippe Cote.
13:21 of 1st period - Jean-Philippe Cote from Ice Hogs is injured at 13:21 of 1st period (Left Hip).
13:22 of 1st period - Derek Roy wins face-off versus Jim Slater in Ice Hogs zone.
13:31 of 1st period - Dylan Olsen is hit by Derek Dorsett and loses puck.
13:42 of 1st period - Snap shot by Derek Dorsett.
13:42 of 1st period - Deflect By Dylan Olsen.
13:42 of 1st period - Stopped by Scott Darling with a rebound.
13:44 of 1st period - Snap shot by Jim Slater.
13:44 of 1st period - Shot Blocked by Brandon Gormley.
13:46 of 1st period - Wrist shot by Derek Dorsett.
13:46 of 1st period - Shot Misses the Net.
13:48 of 1st period - Slapshot by Derek Dorsett.
13:48 of 1st period - Shot Misses the Net.
13:50 of 1st period - Slapshot by Dmitry Korobov.
13:50 of 1st period - Stopped by Scott Darling with a rebound.
14:25 of 1st period - Slapshot by J.T. Miller.
14:25 of 1st period - Shot Blocked by Simon Moser.
14:27 of 1st period - Slapshot by Jason Garrison.
14:27 of 1st period - Stopped by Philipp Grubauer with a rebound.
14:29 of 1st period - Snap shot by Ryan Murphy.
14:29 of 1st period - Deflect By J.T. Miller.
14:29 of 1st period - Shot Blocked by Dmitry Korobov.
14:29 of 1st period - Puck is out of play.
14:30 of 1st period - Travis Morin wins face-off versus Tim Sestito in Bruins zone.
14:49 of 1st period - Snap shot by J.T. Miller.
14:49 of 1st period - Stopped by Philipp Grubauer with a rebound.
14:51 of 1st period - Snap shot by Travis Morin.
14:51 of 1st period - Stopped by Philipp Grubauer with a rebound.
14:53 of 1st period - Backhand shot by Travis Morin.
14:53 of 1st period - Shot Misses the Net.
14:55 of 1st period - Slapshot by Ryan Murphy.
14:55 of 1st period - Shot Misses the Net.
14:57 of 1st period - Snap shot by J.T. Miller.
14:57 of 1st period - Shot Misses the Net.
14:59 of 1st period - Wrist shot by Tanner Pearson.
14:59 of 1st period - Goal by Tanner Pearson - Bruins : 1 - Ice Hogs : 1.
15:00 of 1st period - Jim Slater wins face-off versus Johan Larsson in neutral zone.
15:53 of 1st period - Derek Roy is hit by Simon Moser and loses puck.
16:00 of 1st period - Wrist shot by Patrick Bordeleau.
16:00 of 1st period - Shot Misses the Net.
16:02 of 1st period - Snap shot by Kael Mouillierat.
16:02 of 1st period - Shot Blocked by Brandon Gormley.
16:04 of 1st period - Snap shot by Simon Moser.
16:04 of 1st period - Stopped by Scott Darling with a rebound.
17:15 of 1st period - Off-side.
17:16 of 1st period - Scott Timmins wins face-off versus Johan Larsson in neutral zone.
18:15 of 1st period - Dylan Olsen is hit by Derek Dorsett and loses puck.
19:03 of 1st period - Seth Griffith is hit by Kael Mouillierat and loses puck.
19:12 of 1st period - Slapshot by Kael Mouillierat.
19:12 of 1st period - Stopped by Scott Darling with a rebound.
19:14 of 1st period - Snap shot by Kael Mouillierat.
19:14 of 1st period - Stopped by Scott Darling with a rebound.
19:39 of 1st period - Jake Newton is hit by Zach Redmond and loses puck.
19:51 of 1st period - Snap shot by Buddy Robinson.
19:51 of 1st period - Shot Misses the Net.
19:53 of 1st period - Snap shot by Tim Sestito.
19:53 of 1st period - Shot Misses the Net.
19:55 of 1st period - Slapshot by Dmitry Korobov.
19:55 of 1st period - Stopped by Scott Darling with a rebound.
19:57 of 1st period - Snap shot by Dmitry Korobov.
19:57 of 1st period - Stopped by Scott Darling without a rebound.
19:58 of 1st period - Jim Slater wins face-off versus Travis Morin in Ice Hogs zone.
Goals for this period are 1 for Bruins vs 1 for Ice Hogs.
Shots for this period are 13 for Bruins vs 15 for Ice Hogs.

2nd period


0:01 of 2nd period - Jim Slater wins face-off versus Derek Roy in neutral zone.
0:20 of 2nd period - Slapshot by Ryan Murphy.
0:20 of 2nd period - Shot Blocked by Dmitry Korobov.
1:13 of 2nd period - Dylan Olsen is hit by Patrick Bordeleau.
1:39 of 2nd period - Snap shot by Roman Horak.
1:39 of 2nd period - Stopped by Philipp Grubauer with a rebound.
1:41 of 2nd period - Wrist shot by Seth Griffith.
1:41 of 2nd period - Shot Misses the Net.
1:43 of 2nd period - Slapshot by Brandon Gormley.
1:43 of 2nd period - Shot Misses the Net.
2:13 of 2nd period - Tim Sestito is hit by Zach Redmond.
2:17 of 2nd period - Tim Sestito is hit by Brandon Gormley.
2:21 of 2nd period - Raman Hrabarenka is hit by Derek Roy and loses puck.
2:29 of 2nd period - Icing by Buddy Robinson.
2:30 of 2nd period - Travis Morin wins face-off versus Tim Sestito in Bruins zone.
3:25 of 2nd period - Backhand shot by Derek Dorsett.
3:25 of 2nd period - Shot Hit the Post.
3:27 of 2nd period - Snap shot by Jim Slater.
3:27 of 2nd period - Shot Blocked by Jason Garrison.
3:29 of 2nd period - Slapshot by Magnus Nygren.
3:29 of 2nd period - Shot Misses the Net.
3:31 of 2nd period - Slapshot by Jake Newton.
3:31 of 2nd period - Shot Misses the Net.
3:33 of 2nd period - Slapshot by Magnus Nygren.
3:33 of 2nd period - Stopped by Scott Darling without a rebound.
3:34 of 2nd period - Kael Mouillierat wins face-off versus Derek Roy in Ice Hogs zone.
3:35 of 2nd period - Snap shot by Patrick Bordeleau.
3:35 of 2nd period - Stopped by Scott Darling without a rebound.
3:36 of 2nd period - Simon Moser wins face-off versus Derek Roy in Ice Hogs zone.
3:51 of 2nd period - Wrist shot by Derek Roy.
3:51 of 2nd period - Stopped by Philipp Grubauer with a rebound.
4:27 of 2nd period - Snap shot by Jim Slater.
4:27 of 2nd period - Deflect By Anton Lander.
4:27 of 2nd period - Stopped by Scott Darling without a rebound.
4:28 of 2nd period - Jim Slater wins face-off versus Travis Morin in Ice Hogs zone.
4:41 of 2nd period - Snap shot by Derek Dorsett.
4:41 of 2nd period - Stopped by Scott Darling with a rebound.
4:54 of 2nd period - Minor Penalty to Travis Morin for Tripping.
4:55 of 2nd period - Derek Roy wins face-off versus Jim Slater in Ice Hogs zone.
5:53 of 2nd period - Wrist shot by Kael Mouillierat.
5:53 of 2nd period - Stopped by Scott Darling with a rebound.
6:54 of 2nd period - Penalty to Travis Morin is over, Travis Morin is back on ice.
6:56 of 2nd period - Ryan Murphy is hit by Derek Dorsett and loses puck.
8:15 of 2nd period - Slapshot by Derek Roy.
8:15 of 2nd period - Shot Blocked by Raman Hrabarenka.
8:17 of 2nd period - Slapshot by Dylan Olsen.
8:17 of 2nd period - Stopped by Philipp Grubauer with a rebound.
8:31 of 2nd period - Raman Hrabarenka is hit by Brandon Gormley and loses puck.
8:47 of 2nd period - Tanner Pearson is hit by Tim Sestito and loses puck.
8:48 of 2nd period - Tanner Pearson from Ice Hogs is injured at 8:48 of 2nd period (Left Hand).
8:49 of 2nd period - Derek Roy wins face-off versus Jim Slater in Ice Hogs zone.
8:49 of 2nd period - Derek Roy is hit by Derek Dorsett.
9:09 of 2nd period - Snap shot by Derek Roy.
9:09 of 2nd period - Shot Misses the Net.
9:11 of 2nd period - Snap shot by Roman Horak.
9:11 of 2nd period - Stopped by Philipp Grubauer without a rebound.
9:12 of 2nd period - Kael Mouillierat wins face-off versus Travis Morin in Bruins zone.
9:12 of 2nd period - Kael Mouillierat is hit by Brandon Gormley.
9:26 of 2nd period - Wrist shot by Kael Mouillierat.
9:26 of 2nd period - Stopped by Scott Darling without a rebound.
9:27 of 2nd period - Kael Mouillierat wins face-off versus Travis Morin in Ice Hogs zone.
9:50 of 2nd period - Brandon Gormley is hit by Patrick Bordeleau and loses puck.
9:55 of 2nd period - Wrist shot by Patrick Bordeleau.
9:55 of 2nd period - Stopped by Scott Darling with a rebound.
9:57 of 2nd period - Wrist shot by Kael Mouillierat.
9:57 of 2nd period - Shot Blocked by Zach Redmond.
10:03 of 2nd period - Minor Penalty to Travis Morin for Tripping.
10:04 of 2nd period - Johan Larsson wins face-off versus Jim Slater in Ice Hogs zone.
10:04 of 2nd period - Johan Larsson is hit by Derek Dorsett.
10:51 of 2nd period - Icing by Simon Moser.
10:52 of 2nd period - Derek Roy wins face-off versus Kael Mouillierat in Bruins zone.
11:38 of 2nd period - Off-side.
11:39 of 2nd period - Jim Slater wins face-off versus Derek Roy in neutral zone.
12:03 of 2nd period - Penalty to Travis Morin is over, Travis Morin is back on ice.
12:11 of 2nd period - Kael Mouillierat is hit by Dylan Olsen and loses puck.
12:20 of 2nd period - Snap shot by Johan Larsson.
12:20 of 2nd period - Shot Blocked by Patrick Bordeleau.
12:53 of 2nd period - Zach Redmond and Brandon Alderson fight to a draw.
12:53 of 2nd period - Penalty to Zach Redmond for Fighting.
12:53 of 2nd period - Penalty to Brandon Alderson for Fighting.
12:54 of 2nd period - Derek Roy wins face-off versus Jim Slater in Bruins zone.
13:47 of 2nd period - Wrist shot by Roman Horak.
13:47 of 2nd period - Shot Misses the Net.
13:49 of 2nd period - Wrist shot by Seth Griffith.
13:49 of 2nd period - Shot Misses the Net.
13:51 of 2nd period - Snap shot by Roman Horak.
13:51 of 2nd period - Shot Misses the Net.
13:53 of 2nd period - Slapshot by Jason Garrison.
13:53 of 2nd period - Stopped by Philipp Grubauer without a rebound.
13:54 of 2nd period - Travis Morin wins face-off versus Tim Sestito in Bruins zone.
14:32 of 2nd period - Icing by J.T. Miller.
14:33 of 2nd period - Kael Mouillierat wins face-off versus J.T. Miller in Ice Hogs zone.
14:46 of 2nd period - Snap shot by Kael Mouillierat.
14:46 of 2nd period - Stopped by Scott Darling without a rebound.
14:47 of 2nd period - Johan Larsson wins face-off versus Kael Mouillierat in Ice Hogs zone.
15:15 of 2nd period - Minor Penalty to Brandon Manning for Hooking.
15:16 of 2nd period - Jim Slater wins face-off versus Seth Griffith in Bruins zone.
15:33 of 2nd period - Snap shot by Roman Horak.
15:33 of 2nd period - Shot Misses the Net.
15:35 of 2nd period - Wrist shot by Brandon Gormley.
15:35 of 2nd period - Stopped by Philipp Grubauer with a rebound.
16:01 of 2nd period - Slapshot by Jason Garrison.
16:01 of 2nd period - Shot Blocked by Anton Lander.
16:03 of 2nd period - Snap shot by Jason Garrison.
16:03 of 2nd period - Shot Misses the Net.
16:05 of 2nd period - Slapshot by Roman Horak.
16:05 of 2nd period - Shot Misses the Net.
17:15 of 2nd period - Penalty to Brandon Manning is over, Brandon Manning is back on ice.
17:17 of 2nd period - Brandon Manning is hit by Ryan Murphy and loses puck.
17:50 of 2nd period - Slapshot by Tim Sestito.
17:50 of 2nd period - Stopped by Scott Darling with a rebound.
17:52 of 2nd period - Wrist shot by Jake Newton.
17:52 of 2nd period - Shot Blocked by Jason Garrison.
17:54 of 2nd period - Snap shot by Tim Sestito.
17:54 of 2nd period - Stopped by Scott Darling with a rebound.
17:56 of 2nd period - Slapshot by Buddy Robinson.
17:56 of 2nd period - Shot Misses the Net.
17:58 of 2nd period - Slapshot by Buddy Robinson.
17:58 of 2nd period - Shot Misses the Net.
18:00 of 2nd period - Slapshot by Jake Newton.
18:00 of 2nd period - Shot Misses the Net.
18:40 of 2nd period - Seth Griffith is hit by Kael Mouillierat and loses puck.
18:56 of 2nd period - Icing by Johan Larsson.
18:57 of 2nd period - Johan Larsson wins face-off versus Scott Timmins in Ice Hogs zone.
19:00 of 2nd period - Wrist shot by Scott Timmins.
19:00 of 2nd period - Shot Blocked by Dylan Olsen.
19:02 of 2nd period - Snap shot by Raman Hrabarenka.
19:02 of 2nd period - Stopped by Scott Darling with a rebound.
19:50 of 2nd period - Snap shot by Patrick Cehlin.
19:50 of 2nd period - Stopped by Scott Darling with a rebound.
19:52 of 2nd period - Snap shot by Conor Allen.
19:52 of 2nd period - Shot Blocked by Dylan Olsen.
19:56 of 2nd period - Snap shot by Tim Sestito.
19:56 of 2nd period - Stopped by Scott Darling with a rebound.
19:58 of 2nd period - Wrist shot by Buddy Robinson.
19:58 of 2nd period - Stopped by Scott Darling with a rebound.
Goals for this period are 0 for Bruins vs 0 for Ice Hogs.
Shots for this period are 14 for Bruins vs 6 for Ice Hogs.

3rd period


0:01 of 3rd period - Derek Roy wins face-off versus Jim Slater in neutral zone.
0:26 of 3rd period - Slapshot by Derek Roy.
0:26 of 3rd period - Shot Blocked by Jim Slater.
0:52 of 3rd period - Anton Lander is hit by J.T. Miller and loses puck.
1:05 of 3rd period - Kael Mouillierat is hit by Seth Griffith and loses puck.
2:05 of 3rd period - Seth Griffith is hit by Tim Sestito and loses puck.
2:36 of 3rd period - Wrist shot by Brandon Alderson.
2:36 of 3rd period - Shot Misses the Net.
3:04 of 3rd period - Minor Penalty to Johan Larsson for Hooking.
3:05 of 3rd period - Derek Roy wins face-off versus Jim Slater in Ice Hogs zone.
3:05 of 3rd period - Derek Roy is hit by Dmitry Korobov.
3:12 of 3rd period - Off-side.
3:13 of 3rd period - Jim Slater wins face-off versus Derek Roy in neutral zone.
3:48 of 3rd period - Wrist shot by Casey Wellman.
3:48 of 3rd period - Shot Blocked by Conor Allen.
4:04 of 3rd period - Jason Garrison is hit by Patrick Bordeleau and loses puck.
4:13 of 3rd period - Snap shot by Patrick Bordeleau.
4:13 of 3rd period - Stopped by Scott Darling without a rebound.
4:14 of 3rd period - Casey Wellman wins face-off versus Kael Mouillierat in Ice Hogs zone.
4:27 of 3rd period - Snap shot by Patrick Bordeleau.
4:27 of 3rd period - Deflect By Kael Mouillierat.
4:27 of 3rd period - Stopped by Scott Darling with a rebound.
4:58 of 3rd period - Snap shot by Jim Slater.
4:58 of 3rd period - Shot Misses the Net.
5:04 of 3rd period - Penalty to Johan Larsson is over, Johan Larsson is back on ice.
5:33 of 3rd period - Snap shot by Tim Sestito.
5:33 of 3rd period - Stopped by Scott Darling without a rebound.
5:34 of 3rd period - Scott Timmins wins face-off versus Travis Morin in Ice Hogs zone.
5:46 of 3rd period - Brandon Alderson is hit by Casey Wellman and loses puck.
5:54 of 3rd period - Off-side.
5:55 of 3rd period - Travis Morin wins face-off versus Kael Mouillierat in neutral zone.
6:00 of 3rd period - Slapshot by Dylan Olsen.
6:00 of 3rd period - Stopped by Philipp Grubauer without a rebound.
6:01 of 3rd period - Kael Mouillierat wins face-off versus Travis Morin in Bruins zone.
6:07 of 3rd period - Off-side.
6:08 of 3rd period - Travis Morin wins face-off versus Kael Mouillierat in neutral zone.
6:17 of 3rd period - Seth Griffith is hit by Jake Newton and loses puck.
6:24 of 3rd period - Snap shot by J.T. Miller.
6:24 of 3rd period - Stopped by Philipp Grubauer with a rebound.
6:26 of 3rd period - Wrist shot by Seth Griffith.
6:26 of 3rd period - Deflect By J.T. Miller.
6:26 of 3rd period - Shot Misses the Net.
6:26 of 3rd period - Puck is out of play.
6:27 of 3rd period - Anton Lander wins face-off versus Derek Roy in Bruins zone.
6:32 of 3rd period - Slapshot by Derek Roy.
6:32 of 3rd period - Shot Misses the Net.
6:46 of 3rd period - Snap shot by Jim Slater.
6:46 of 3rd period - Deflect By Anton Lander.
6:46 of 3rd period - Shot Misses the Net.
6:46 of 3rd period - Puck is out of play.
6:47 of 3rd period - Derek Roy wins face-off versus Jim Slater in Ice Hogs zone.
7:00 of 3rd period - Icing by Ryan Murphy.
7:01 of 3rd period - Kael Mouillierat wins face-off versus Derek Roy in Ice Hogs zone.
8:49 of 3rd period - Wrist shot by Johan Larsson.
8:49 of 3rd period - Shot Misses the Net.
9:38 of 3rd period - Marc Hagel is hit by Jason Garrison and loses puck.
10:21 of 3rd period - Dylan Olsen is hit by Raman Hrabarenka.
10:25 of 3rd period - Kael Mouillierat is hit by Travis Morin and loses puck.
10:30 of 3rd period - Slapshot by Ryan Murphy.
10:30 of 3rd period - Stopped by Philipp Grubauer with a rebound.
10:32 of 3rd period - Backhand shot by Travis Morin.
10:32 of 3rd period - Shot Misses the Net.
10:40 of 3rd period - Minor Penalty to Patrick Bordeleau for Tripping.
10:41 of 3rd period - Jim Slater wins face-off versus Seth Griffith in Bruins zone.
11:39 of 3rd period - Slapshot by Jason Garrison.
11:39 of 3rd period - Stopped by Philipp Grubauer with a rebound.
11:41 of 3rd period - Slapshot by Ryan Murphy.
11:41 of 3rd period - Deflect By Derek Roy.
11:41 of 3rd period - Shot Misses the Net.
11:41 of 3rd period - Puck is out of play.
11:42 of 3rd period - Jim Slater wins face-off versus Dustin Jeffrey in Bruins zone.
11:55 of 3rd period - Raman Hrabarenka is hit by Casey Wellman and loses puck.
12:37 of 3rd period - Snap shot by Derek Dorsett.
12:37 of 3rd period - Stopped by Scott Darling with a rebound.
12:40 of 3rd period - Penalty to Patrick Bordeleau is over, Patrick Bordeleau is back on ice.
12:59 of 3rd period - Derek Roy is hit by Derek Dorsett and loses puck.
14:17 of 3rd period - Snap shot by Patrick Bordeleau.
14:17 of 3rd period - Shot Misses the Net.
14:19 of 3rd period - Wrist shot by Kael Mouillierat.
14:19 of 3rd period - Shot Misses the Net.
14:21 of 3rd period - Slapshot by Brandon Manning.
14:21 of 3rd period - Shot Blocked by Brandon Gormley.
14:23 of 3rd period - Slapshot by Brandon Manning.
14:23 of 3rd period - Stopped by Scott Darling without a rebound.
14:24 of 3rd period - Kael Mouillierat wins face-off versus J.T. Miller in Ice Hogs zone.
15:06 of 3rd period - Slapshot by Dylan Olsen.
15:06 of 3rd period - Deflect By Brandon Manning.
15:06 of 3rd period - Stopped by Philipp Grubauer with a rebound.
15:24 of 3rd period - Tim Sestito is hit by Johan Larsson and loses puck.
15:49 of 3rd period - Brandon Gormley is hit by Derek Dorsett and loses puck.
16:50 of 3rd period - Slapshot by Dylan Olsen.
16:50 of 3rd period - Shot Misses the Net.
17:28 of 3rd period - Jim Slater is hit by Mathieu Brodeur and loses puck.
18:01 of 3rd period - Snap shot by Roman Horak.
18:01 of 3rd period - Shot Misses the Net.
18:03 of 3rd period - Slapshot by Dylan Olsen.
18:03 of 3rd period - Shot Blocked by Magnus Nygren.
18:05 of 3rd period - Snap shot by Travis Morin.
18:05 of 3rd period - Stopped by Philipp Grubauer with a rebound.
Goals for this period are 0 for Bruins vs 0 for Ice Hogs.
Shots for this period are 5 for Bruins vs 6 for Ice Hogs.

Overtime #1


0:01 of 1st overtime period - Roman Horak wins face-off versus Jim Slater in neutral zone.
0:04 of 1st overtime period - Snap shot by Dylan Olsen.
0:04 of 1st overtime period - Stopped by Philipp Grubauer with a rebound.
0:06 of 1st overtime period - Slapshot by Brandon Gormley.
0:06 of 1st overtime period - Stopped by Philipp Grubauer with a rebound.
0:14 of 1st overtime period - Wrist shot by Roman Horak.
0:14 of 1st overtime period - Shot Blocked by Anton Lander.
0:34 of 1st overtime period - Slapshot by Dylan Olsen.
0:34 of 1st overtime period - Stopped by Philipp Grubauer with a rebound.
0:36 of 1st overtime period - Slapshot by Dylan Olsen.
0:36 of 1st overtime period - Shot Misses the Net.
0:38 of 1st overtime period - Slapshot by Brandon Gormley.
0:38 of 1st overtime period - Shot Misses the Net.
1:01 of 1st overtime period - Raman Hrabarenka is hit by Dylan Olsen and loses puck.
1:33 of 1st overtime period - Tim Sestito is hit by Roman Horak and loses puck.
1:40 of 1st overtime period - Snap shot by Roman Horak.
1:40 of 1st overtime period - Shot Misses the Net.
1:52 of 1st overtime period - Wrist shot by Derek Roy.
1:52 of 1st overtime period - Stopped by Philipp Grubauer with a rebound.
1:54 of 1st overtime period - Slapshot by Casey Wellman.
1:54 of 1st overtime period - Stopped by Philipp Grubauer with a rebound.
1:56 of 1st overtime period - Snap shot by Casey Wellman.
1:56 of 1st overtime period - Shot Misses the Net.
1:58 of 1st overtime period - Slapshot by Jason Garrison.
1:58 of 1st overtime period - Stopped by Philipp Grubauer with a rebound.
2:00 of 1st overtime period - Wrist shot by Jason Garrison.
2:00 of 1st overtime period - Stopped by Philipp Grubauer with a rebound.
2:02 of 1st overtime period - Slapshot by Dylan Olsen.
2:02 of 1st overtime period - Stopped by Philipp Grubauer without a rebound.
2:03 of 1st overtime period - Jim Slater wins face-off versus Derek Roy in Bruins zone.
2:38 of 1st overtime period - Brandon Manning is hit by Brandon Gormley and loses puck.
3:07 of 1st overtime period - Slapshot by Jason Garrison.
3:07 of 1st overtime period - Stopped by Philipp Grubauer without a rebound.
3:08 of 1st overtime period - Roman Horak wins face-off versus Anton Lander in Bruins zone.
3:09 of 1st overtime period - Slapshot by Jason Garrison.
3:09 of 1st overtime period - Stopped by Philipp Grubauer without a rebound.
3:10 of 1st overtime period - Jim Slater wins face-off versus Roman Horak in Bruins zone.
4:14 of 1st overtime period - Zach Redmond is hit by Dmitry Korobov and loses puck.
4:36 of 1st overtime period - Simon Moser is hit by Derek Roy and loses puck.
Goals for this period are 0 for Bruins vs 0 for Ice Hogs.
Shots for this period are 0 for Bruins vs 10 for Ice Hogs.

ShootOut


5:00 of 1st overtime period - Penalty Shot by Jim Slater for Bruins.
5:00 of 1st overtime period - Snap shot by Jim Slater.
5:00 of 1st overtime period - Stopped by Scott Darling.
5:00 of 1st overtime period - Penalty Shot by Casey Wellman for Ice Hogs.
5:00 of 1st overtime period - Backhand shot by Casey Wellman.
5:00 of 1st overtime period - Stopped by Philipp Grubauer.
5:00 of 1st overtime period - Penalty Shot by Anton Lander for Bruins.
5:00 of 1st overtime period - Backhand shot by Anton Lander.
5:00 of 1st overtime period - Stopped by Scott Darling.
5:00 of 1st overtime period - Penalty Shot by Derek Roy for Ice Hogs.
5:00 of 1st overtime period - Wrist shot by Derek Roy.
5:00 of 1st overtime period - Goal by Derek Roy.
5:00 of 1st overtime period - Penalty Shot by Derek Dorsett for Bruins.
5:00 of 1st overtime period - Snap shot by Derek Dorsett.
5:00 of 1st overtime period - Goal by Derek Dorsett.
5:00 of 1st overtime period - Penalty Shot by Seth Griffith for Ice Hogs.
5:00 of 1st overtime period - Snap shot by Seth Griffith.
5:00 of 1st overtime period - Goal by Seth Griffith.


Output by the SimonT Hockey Simulator (STHS) for Eric Dolegowski -- Original Page W3C XHTML 1.0 Valid
Hockey Simulator - Hockey Simulation - Hockey Manager